 Dungeon Crawl Stone Soup version 0.29-a0-559-g359e09b9d1 (webtiles) character file.

Game seed: 3501098985177028340

375 DocClef the Covert (level 6, -2/53 HPs)
             Began as a Gnoll Delver on June 10, 2022.
             Slain by an ice beast (4 damage)
             ... on level 5 of the Dungeon.
             The game lasted 00:01:00 (1212 turns).

DocClef the Covert (Gnoll Delver)                   Turns: 1212, Time: 00:01:01

Health: -2/53      AC:  3    Str: 14    XL:     6   Next: 73%
Magic:  9/9        EV: 13    Int:  9    God:
Gold:   40         SH:  0    Dex: 13    Spells: 9/9 levels left

rFire   . . .      SeeInvis .   a - +0 short sword
rCold   . . .      Faith    .   (no shield)
rNeg    . . .      Spirit   .   b - +0 leather armour
rPois   .          Reflect  .   (no helmet)
rElec   .          Harm     .   (no cloak)
rCorr   .          Rampage  .   (no gloves)
Will    .....                   (no boots)
Stlth   ++++......              (no amulet)
HPRegen 0.17/turn               (no ring)
MPRegen 0.11/turn               (no ring)

@: no status effects
A: fangs 1, strong nose, distributed training
a: no special abilities


You were on level 5 of the Dungeon.
You visited 1 branch of the dungeon, and saw 1 of its levels.

You collected 40 gold pieces.

Inventory:

Hand Weapons
 a - a +0 short sword (weapon)
Armour
 b - a +0 leather armour (worn)
Wands
 g - a wand of digging (3)
 k - a wand of flame (25)
Scrolls
 c - a scroll of fog
 d - a scroll of magic mapping
 e - a scroll of fear
Potions
 f - a potion of haste


   Skills:
 + Level 6.9 Fighting
 + Level 5.0 Short Blades
 + Level 2.1 Long Blades
 + Level 2.1 Axes
 + Level 2.1 Maces & Flails
 + Level 2.1 Polearms
 + Level 2.1 Staves
 + Level 2.1 Slings
 + Level 2.1 Bows
 + Level 2.1 Crossbows
 + Level 2.1 Throwing
 + Level 2.1 Armour
 + Level 5.0 Dodging
 + Level 9.8 Stealth
 + Level 2.1 Shields
 + Level 2.1 Unarmed Combat
 + Level 2.1 Spellcasting
 + Level 1.6 Conjurations
 + Level 1.6 Hexes
 + Level 1.6 Summonings
 + Level 1.6 Necromancy
 + Level 1.6 Translocations
 + Level 1.6 Transmutations
 + Level 1.6 Fire Magic
 + Level 1.6 Ice Magic
 + Level 1.6 Air Magic
 + Level 1.6 Earth Magic
 + Level 1.6 Poison Magic
 + Level 2.3 Invocations
 + Level 2.1 Evocations


You had 9 spell levels left.
You didn't know any spells.
Your spell library was empty.

Dungeon Overview and Level Annotations

Branches:
Dungeon (5/15)
 Temple: D:4-7

Altars:

Annotations:
D:5 1 runed translucent door, Crazy Yiuf


Innate Abilities, Weirdness & Mutations

You have very sharp teeth.
Your uncanny sense of smell can sniff out nearby items.
Your experience applies equally to all skills.


Message History

You see here a +0 whip.
You hit the ice beast.
The ice beast is lightly wounded.
The ice beast misses you.
You hit the ice beast but do no damage.
You bite the ice beast, but do no damage.
The ice beast is lightly wounded.
The ice beast barely misses you.
You closely miss the ice beast. Your bite misses the ice beast.
The ice beast is lightly wounded.
You hit the ice beast.
The ice beast is moderately wounded.
The ice beast hits you. The ice beast freezes you!
* * * LOW HITPOINT WARNING * * *
You closely miss the ice beast.
The ice beast is moderately wounded.
The ice beast misses you.
You hit the ice beast but do no damage.
The ice beast is moderately wounded.
The ice beast barely misses you.
You barely miss the ice beast.
The ice beast is moderately wounded.
The ice beast barely misses you.
Unknown command.
The ice beast attacks as you move away! The ice beast closely misses you.
As you read the scroll labelled YTEVVO GUSEOMATEY, it crumbles to dust.
It is a scroll of identify.
You don't have any unidentified items.
The ice beast closely misses you.
You hit the ice beast but do no damage.
The ice beast is moderately wounded.
The ice beast hits you.
* * * LOW HITPOINT WARNING * * *
The ice beast freezes you!
* * * LOW HITPOINT WARNING * * *
You hit the ice beast but do no damage.
The ice beast is lightly wounded.
Unknown command.
The ice beast attacks as you move away! The ice beast hits you.
You die...

#^........######### #
#....)............####
.....!./..............
#....)..........####
#...............# # #
#....#.)........# #
#.#..).#..........# #
#....Y.#..$)......#
##...@.#..........#
#.....#..........#
#...
#...(.#..........#
#...
##....############
#... ∆ ∆ #....# #..#
#....# #..# #....#
#..# ###+##
############ #..#
............


You could see an ice beast.

Vanquished Creatures
  A water moccasin (D:5)
  2 scorpions (D:5)
  A necrophage (D:5)
  A howler monkey (D:5)
  A hound (D:5)
  An adder (D:5)
  An ufetubus (D:5)
  3 orcs (D:5)
  2 jackals (D:5)
13 creatures vanquished.

Notes
Turn   | Place    | Note
-------+----------+-------------------------------------------
     0 | D:5      | Reached skill level 9 in Stealth
     0 | D:5      | DocClef the Gnoll Delver began the quest for the Orb.
     0 | D:5      | Reached XP level 1. HP: 23/23 MP: 1/1
    14 | D:5      | Noticed a hound
    40 | D:5      | Killed a hound
    41 | D:5      | Reached XP level 2. HP: 8/29 MP: 2/2
    41 | D:5      | Reached XP level 3. HP: 10/35 MP: 3/3
   401 | D:5      | Reached skill level 1 in Invocations
   578 | D:5      | Noticed a water moccasin
   587 | D:5      | Killed a water moccasin
   588 | D:5      | Reached skill level 1 in Long Blades
   588 | D:5      | Reached skill level 1 in Axes
   588 | D:5      | Reached skill level 1 in Maces & Flails
   588 | D:5      | Reached skill level 1 in Polearms
   588 | D:5      | Reached skill level 1 in Staves
   588 | D:5      | Reached skill level 1 in Slings
   588 | D:5      | Reached skill level 1 in Bows
   588 | D:5      | Reached skill level 1 in Crossbows
   588 | D:5      | Reached skill level 1 in Throwing
   588 | D:5      | Reached skill level 1 in Armour
   588 | D:5      | Reached skill level 1 in Shields
   588 | D:5      | Reached skill level 1 in Unarmed Combat
   588 | D:5      | Reached skill level 1 in Spellcasting
   588 | D:5      | Reached skill level 1 in Conjurations
   588 | D:5      | Reached skill level 1 in Hexes
   588 | D:5      | Reached skill level 1 in Summonings
   588 | D:5      | Reached skill level 1 in Necromancy
   588 | D:5      | Reached skill level 1 in Translocations
   588 | D:5      | Reached skill level 1 in Transmutations
   588 | D:5      | Reached skill level 1 in Fire Magic
   588 | D:5      | Reached skill level 1 in Ice Magic
   588 | D:5      | Reached skill level 1 in Air Magic
   588 | D:5      | Reached skill level 1 in Earth Magic
   588 | D:5      | Reached skill level 1 in Poison Magic
   588 | D:5      | Reached skill level 1 in Evocations
   588 | D:5      | Reached XP level 4. HP: 41/41 MP: 4/6
   588 | D:5      | Reached XP level 5. HP: 47/47 MP: 4/7
   659 | D:5      | Found a runed translucent door.
   660 | D:5      | Noticed Crazy Yiuf
   747 | D:5      | Reached XP level 6. HP: 45/53 MP: 8/8
   770 | D:5      | Reached skill level 5 in Short Blades
   770 | D:5      | Reached skill level 5 in Dodging
  1189 | D:5      | Noticed an ice beast
  1210 | D:5      | HP: 2/53 [ice beast (8)]
  1212 | D:5      | Slain by an ice beast

Illustrated notes

Levels and vault maps discovered:
D:5:      cheibrodos_barr_body, layout_basic, minmay_fountain_box,
          grunt_ministairs_9, uniq_crazy_yiuf_cottage

Skill      XL: |  1  2  3  4  5  6 |
---------------+-------------------+-----
Stealth        | |  9.8
Invocations    | 1 2 |  2.3
Long Blades    | 1 2 |  2.1
Axes           | 1 2 |  2.1
Maces & Flails | 1 2 |  2.1
Polearms       | 1 2 |  2.1
Staves         | 1 2 |  2.1
Slings         | 1 2 |  2.1
Bows           | 1 2 |  2.1
Crossbows      | 1 2 |  2.1
Throwing       | 1 2 |  2.1
Armour         | 1 2 |  2.1
Shields        | 1 2 |  2.1
Unarmed Combat | 1 2 |  2.1
Spellcasting   | 1 2 |  2.1
Conjurations   | 1 |  1.6
Hexes          | 1 |  1.6
Summonings     | 1 |  1.6
Necromancy     | 1 |  1.6
Translocations | 1 |  1.6
Transmutations | 1 |  1.6
Fire Magic     | 1 |  1.6
Ice Magic      | 1 |  1.6
Air Magic      | 1 |  1.6
Earth Magic    | 1 |  1.6
Poison Magic   | 1 |  1.6
Evocations     | 1 2 |  2.1
Short Blades   | 5 |  5.0
Dodging        | 5 |  5.0
Fighting       | |  6.9

Action                   |  1- 3 |  4- 6 || total
-------------------------+-------+-------++-------
Melee: Short sword       |    36 |    55 ||    91
       Bite              |     5 |     9 ||    14
  Use: Potion            |       |     2 ||     2
       Scroll            |       |     1 ||     1
 Stab: Sleeping          |     2 |     5 ||     7
Armor: Leather armour    |     7 |     5 ||    12
Dodge: Dodged            |    38 |    30 ||    68

Table legend: (Time is in decaauts)
 A = Elapsed time spent in this place.
 B = Non-inter-level travel time spent in this place.
 C = Inter-level travel time spent in this place.
 D = Time resting spent in this place.
 E = Time spent auto-exploring this place.
 F = Levels seen in this place.
 G = Mean time per level.
                   A        B        C        D        E       F      G
               +--------+--------+--------+--------+--------+-----+--------+
         Total |   1198 |   1198 |      0 |    326 |    721 |   1 | 1198.0 |
       Dungeon |   1198 |   1198 |      0 |    326 |    721 |   1 | 1198.0 |
               +--------+--------+--------+--------+--------+-----+--------+

Top non-repeatable levels by time:
     D:5: 1198 daAuts
